 Dungeon Crawl Stone Soup version 0.30-a0-718-geaa24f58ff (webtiles) character file.

Game seed: 226857534855102542

4223 Lobster4 the Trooper (level 10, -4/77 HPs)
             Began as a Human Wanderer on Jan 25, 2023.
             Was a Follower of Vehumet.
             Slain by a two-headed ogre
             ... wielding a +0 giant spiked club
              (15 damage)
             ... on level 9 of the Dungeon.
             The game lasted 00:28:26 (11452 turns).

Lobster4 the Trooper (Human Wanderer)              Turns: 11452, Time: 00:28:27

Health: -4/77      AC:  8    Str: 19    XL:     10   Next: 55%
Magic:  19/19      EV: 15    Int: 20    God:    Vehumet [*.....]
Gold:   563        SH:  0    Dex: 22    Spells: 19/21 levels left

rFire   + . .      SeeInvis .    L - +9 rapier of Domination {speed, Dex+4}
rCold   . . .      Faith    .    (no shield)
rNeg    . . .      Spirit   .    F - +1 leather armour "Nadoa" {Dex+6}
rPois   .          Reflect  .    J - +0 helmet {Int+3}
rElec   .          Harm     .    M - +0 cloak
rCorr   .          Rampage  .    f - +0 pair of gloves
Will    .....                    (no boots)
Stlth   ++                       w - amulet of regeneration
HPRegen 1.12/turn                c - +6 ring of strength
MPRegen 0.16/turn                B - ring of protection from fire

@: no status effects
A: no striking features
a: Renounce Religion


You were on level 9 of the Dungeon.
You worshipped Vehumet.
Vehumet was aware of your devotion.
You visited 2 branches of the dungeon, and saw 10 of its levels.

You collected 563 gold pieces.

Inventory:

Hand Weapons
 a - a +3 short sword
 b - a +0 shortbow
 j - the +1 spear "Vuaph" {protect, *Noise rC+ Will++}
   (You found it on level 4 of the Dungeon)

   rC:        It protects you from cold.
   *Noise:    It may make noises in combat.
   Will:      It greatly increases your willpower.
 x - a +1 hand axe of freezing
 D - a +4 trident
 L - the +9 rapier of Domination (weapon) {speed, Dex+4}
   (You found it on level 8 of the Dungeon)

   Dex:       It affects your dexterity (+4).
Missiles
 k - 36 poisoned darts (quivered)
 o - a curare-tipped dart
 H - a throwing net
Armour
 f - a +0 pair of gloves (worn)
 u - a +2 robe of fire resistance
 F - the +1 leather armour "Nadoa" (worn) {Dex+6}
   (You found it on level 7 of the Dungeon)

   Dex:       It affects your dexterity (+6).
 J - a +0 helmet of intelligence (worn)
 M - a +0 cloak (worn)
Jewellery
 c - a +6 ring of strength (left hand)
 w - an amulet of regeneration (around neck)
 y - a ring of ice
 B - a ring of protection from fire (right hand)
 G - a ring of protection from cold
Wands
 e - a wand of charming (15)
Scrolls
 m - 5 scrolls of blinking
 q - 2 scrolls of poison
 t - 3 scrolls of immolation {unknown}
 v - 3 scrolls of enchant armour {unknown}
 z - a scroll of butterflies {unknown}
 A - a scroll of amnesia {unknown}
 C - 3 scrolls of fog {unknown}
 I - a scroll of enchant weapon {unknown}
 K - a scroll of fear {unknown}
Potions
 d - a potion of ambrosia
 g - 4 potions of flight
 h - a potion of heal wounds
 i - 2 potions of mutation
 l - 4 potions of curing
 n - a potion of invisibility
 p - a potion of brilliance
 r - 2 potions of might
 s - 2 potions of lignification
 E - 2 potions of cancellation
 N - a potion of resistance {unknown}
 O - a potion of berserk rage {unknown}


   Skills:
 + Level 6.6 Fighting
 + Level 2.6 Short Blades
 - Level 3.0 Polearms
 + Level 4.6 Armour
 + Level 4.7 Dodging
 + Level 6.4 Spellcasting
 - Level 3.0 Conjurations
 + Level 3.5 Ice Magic
 + Level 6.5 Air Magic
 - Level 3.0 Evocations


You had 19 spell levels left.
You knew the following spells:

 Your Spells              Type           Power      Damage    Failure   Level
a - Shock                 Conj/Air       100%       1d9       1%          1
b - Freeze                Ice            80%        1d9       2%          1

Your spell library contained the following spells:

 Spells                   Type           Power      Damage    Failure   Level
 Kiss of Death            Conj/Necr      48%        2d9       6%          1
 Frozen Ramparts          Ice            40%        1d7       9%          3
 Hailstorm                Conj/Ice       19%        3d6       9%          3
 Ozocubu's Armour         Ice            20%        N/A       9%          3
 Kindle Blastsparks       Fire/Tloc/Air  30%        2d12      14%         3
 Blink                    Tloc           12%        N/A       17%         2
 Ignite Poison            Fire/Tmut/Pois 6%         N/A       34%         3
 Freezing Cloud           Conj/Ice/Air   11%        6-21      47%         5
 Fulminant Prism          Conj/Hex       6%         3d7       52%         4
 Iskenderun's Mystic Bla  Conj/Tloc      12%        2d5       52%         4
 Manifold Assault         Tloc           6%         N/A       75%         4
 Metabolic Englaciation   Hex/Ice        6%         N/A       83%         5
 Lee's Rapid Deconstruct  Erth           3%         3d5*      97%         5
 Simulacrum               Ice/Necr       6%         N/A       100%        6
 Storm Form               Tmut/Air       9%         N/A       100%        7


Dungeon Overview and Level Annotations

Branches:
Dungeon (9/15)             Temple (1/1) D:5
   Lair: D:8-11         Orc: D:9-12

Altars:
Ashenzari
Cheibriados
Elyvilon
Fedhas
Gozag
Hepliaklqana
Makhleb
Qazlal
Sif Muna
Vehumet
Xom
Zin
The Shining One

Annotations:
D:3 1 exclusion
D:7 1 exclusion


Message History

You puncture the iron imp!
You kill the iron imp!
Vehumet accepts your kill.
No target in view!
No target in view!
Found a burning altar of Makhleb.
k - 35 poisoned darts (gained 2)
k - 36 poisoned darts (gained 1) Done exploring.
Done exploring.
Search for what [Enter for "."]? .
Things that are here:
a +1 whip of flaming; a +0 robe
There is a stone staircase leading down here.
You climb downwards.
There is a stone staircase leading up here.
There is a stone staircase leading down here.
You climb downwards.
Level annotation: 1 exclusion
There is a stone staircase leading up, spattered with blood here.
(D) Dungeon (T) Temple
Where to? (Enter - D:6 @ (x,y), ? - help)
What level of the Dungeon? (default 1, ? - help)
What level of the Dungeon? (default 9, ? - help)
There is a stone staircase leading down here.
You climb downwards.
There is a stone staircase leading up here.
There is a stone staircase leading down here.
You climb downwards.
The troll bites you. The troll misses you. The troll completely misses you.
The two-headed ogre hits you with a +0 giant spiked club!!!
The two-headed ogre hits you with a +0 giant spiked club!
There is a stone staircase leading up, spattered with blood here.
The troll bites you!
* * * LOW HITPOINT WARNING * * *
The troll claws you.
* * * LOW HITPOINT WARNING * * *
The troll misses you. The howler monkey barely misses you.
The two-headed ogre hits you with a +0 giant spiked club!
You die...

..........#
..........###
.)..........
...........#
......?....##
............##
.......Oh....##
....h.T@.......
#...#####......
# ..... ....
... .. $


You could see a two-headed ogre, a troll and 2 howler monkeys.

Vanquished Creatures
  Pikel (D:5)
  Psyche (D:8)
  Grinder (D:3)
  A steam dragon (D:7)
  A water moccasin (D:7)
  2 black bears
  2 sky beasts
  An ice beast (D:6)
  An orc warrior (D:8)
  2 centaurs
  4 lemures (D:5)
  3 kobold brigands
  5 bullfrogs
  A necrophage (D:6)
  Blork the orc (D:6)
  7 scorpions
  A gnoll sergeant (D:8)
  3 wights (D:6)
  4 howler monkeys
  A gnoll bouda (D:4)
  5 orc priests
  2 hounds
  2 jellies
  Crazy Yiuf (D:2)
  3 iron imps (D:5)
  3 iguanas
  7 orc wizards
  Robin (D:2)
  6 gnolls
  7 adders
  A worm (D:7)
  A dart slug (D:2)
  22 orcs
  6 bats
  4 endoplasms
  9 giant cockroaches
  18 goblins
  12 hobgoblins
  4 jackals (D:2)
  7 quokkas
  7 ball pythons
  5 frilled lizards
  18 kobolds
  7 rats
201 creatures vanquished.

Vanquished Creatures (others)
  An orc (D:4)
1 creature vanquished.

Grand Total: 202 creatures vanquished

Notes
Turn   | Place    | Note
-------+----------+-------------------------------------------
     0 | D:1      | Lobster4 the Human Wanderer began the quest for the Orb.
     0 | D:1      | Lobster4 set off with the following items: a +0 club, a
                  | scroll of teleportation, a scroll of vulnerability, a +0
                  | robe, a wand of charming (16); and the following spell
                  | memorised: Shock; and the following spells available to
                  | memorise: Kindle Blastsparks.
     0 | D:1      | Reached XP level 1. HP: 16/16 MP: 4/4
   126 | D:1      | Reached XP level 2. HP: 22/22 MP: 6/6
   571 | D:1      | Reached XP level 3. HP: 8/27 MP: 3/7
  1755 | D:2      | Reached XP level 4. HP: 34/34 MP: 8/8
  1756 | D:2      | Noticed Robin
  1770 | D:2      | Reached skill level 1 in Armour
  2120 | D:2      | Killed Robin
  2205 | D:2      | Found a runed translucent door.
  2206 | D:2      | Noticed Crazy Yiuf
  2666 | D:2      | Found a stormy altar of Qazlal.
  2797 | D:3      | Reached XP level 5. HP: 39/39 MP: 9/9
  2906 | D:3      | Found a broken altar of Ashenzari.
  2991 | D:3      | Reached skill level 1 in Short Blades
  3279 | D:3      | Noticed Grinder
  3284 | D:3      | Paralysed by Grinder for 2 turns
  3540 | D:4      | Found a blossoming altar of Fedhas.
  3554 | D:4      | Identified the +1 spear "Vuaph" {protect, *Noise rC+
                  | Will++}
  3714 | D:4      | Reached XP level 6. HP: 42/46 MP: 7/11
  4538 | D:4      | Reached skill level 1 in Polearms
  4538 | D:4      | Reached XP level 7. HP: 52/52 MP: 7/12
  5290 | D:5      | Entered Level 5 of the Dungeon
  5730 | D:5      | Found an opulent altar of Gozag.
  5909 | D:5      | Reached XP level 8. HP: 60/60 MP: 9/14
  6146 | D:5      | Found a staircase to the Ecumenical Temple.
  6152 | Temple   | Entered the Ecumenical Temple
  6177 | Temple   | Became a worshipper of Vehumet
  6442 | D:5      | Noticed Pikel
  7015 | D:6      | Reached skill level 5 in Spellcasting
  7022 | D:6      | Reached skill level 5 in Fighting
  7090 | D:6      | Noticed Blork the orc
  7105 | D:6      | Killed Blork the orc
  7106 | D:6      | Reached skill level 5 in Air Magic
  7106 | D:6      | Reached XP level 9. HP: 68/68 MP: 16/16
  7247 | D:6      | Learned a level 1 spell: Freeze
  7489 | D:6      | Reached skill level 1 in Conjurations
  7489 | D:6      | Reached skill level 1 in Ice Magic
  7710 | D:6      | Found a white marble altar of Elyvilon.
  7902 | D:7      | Found a hazy altar of Hepliaklqana.
  7919 | D:7      | Identified the +1 leather armour "Nadoa" {Dex+6}
  8081 | D:7      | Reached * piety under Vehumet
  8081 | D:7      | Offered knowledge of Kiss of Death by Vehumet.
  8325 | D:7      | Found a glowing golden altar of the Shining One.
  8528 | D:7      | Found a snail-covered altar of Cheibriados.
  8749 | D:7      | Found a glowing silver altar of Zin.
  9080 | D:8      | Noticed Psyche
  9102 | D:8      | Killed Psyche
  9171 | D:8      | Reached XP level 10. HP: 73/76 MP: 13/19
 10107 | D:8      | Identified the +9 rapier of Domination {speed, Dex+4}
 10303 | D:9      | Noticed a two-headed ogre
 10451 | D:2      | Killed Crazy Yiuf
 10533 | D:3      | Found a shimmering blue altar of Sif Muna.
 10886 | D:3      | Killed Grinder
 11325 | D:5      | Killed Pikel
 11349 | D:5      | Found a burning altar of Makhleb.
 11452 | D:9      | Slain by a two-headed ogre

Illustrated notes

Levels and vault maps discovered:
D:1:      dpeg_arrival_more_subterranean_lakeside_camping, layout_loops_ring,
          minmay_hexomino_c4
D:2:      layout_loops_ring, basic_altar, patterned_corridor,
          uniq_crazy_yiuf_cottage, uniq_robin
D:3:      layout_basic, mainiacjoe_overflow_surrounded_room,
          nicolae_sif_muna_little_library, uniq_grinder
D:4:      cheibrodos_barr_body, layout_layer_cave, fedhas_altar_2
D:5:      layout_basic, demons_altar, mainiacjoe_overflow_catwalk,
          minmay_temple_entry_butterflies, chequers_serial_rivers_micro_a,
          uniq_pikel
D:6:      layout_loops_cross, general_overflow_altar, hangedman_decor_growths,
          hangedman_abyss_or_decor_stabs, uniq_blork_the_orc
D:7:      layout_gridville, slow_altar_1, mainiacjoe_overflow_boulevard,
          zin_treasury, mainiacjoe_overflow_small_starburst
D:8:      minmay_general_purpose_star, layout_basic, uniq_psyche
D:9:      nicolae_moon_pools, layout_layer_cave, mainiacjoe_overflow_alcove_2,
          lair_entry_dummy, serial_shops, kennysheep_mini, nicolae_square_shop,
          shop, shop, nicolae_shop_hallway_plus
Temple:   hellmonk_temple_beads

Skill      XL: |  1  2  3  4  5  6  7  8  9 10 |
---------------+-------------------------------+-----
Armour         | 1 2 3 4 |  4.6
Short Blades   | 1 2 |  2.6
Dodging        | 2 3 4 |  4.7
Evocations     | 3 |  3.0
Fighting       | 3 5 6 |  6.6
Air Magic      | 3 5 6 |  6.5
Polearms       | 1 2 3 |  3.0
Spellcasting   | 4 5 6 |  6.4
Conjurations   | 2 3 |  3.0
Ice Magic      | 2 3 |  3.5

Action                     |  1- 3 |  4- 6 |  7- 9 | 10-12 || total
---------------------------+-------+-------+-------+-------++-------
  Melee: Whip              |    38 |       |       |       ||    38
         Club              |     2 |       |       |       ||     2
         Punch             |     1 |       |     3 |     1 ||     5
         Short sword       |    13 |    95 |    42 |       ||   150
         Spear             |       |       |   194 |    71 ||   265
         Rapier            |       |       |       |    61 ||    61
  Throw: Dart              |       |     3 |    36 |       ||    39
   Cast: Shock             |    68 |    95 |   237 |    67 ||   467
  Evoke: Wand              |       |       |     1 |       ||     1
    Use: Scroll            |       |     8 |     2 |     4 ||    14
         Potion            |       |     2 |     1 |       ||     3
   Stab: Distracted        |     1 |       |       |       ||     1
         Sleeping          |       |     1 |       |       ||     1
         Invisible         |       |       |     3 |       ||     3
 Armour: Robe              |    18 |     4 |       |    10 ||    32
         Animal skin       |       |    30 |   100 |       ||   130
         Leather armour    |       |       |    18 |    13 ||    31
  Dodge: Dodged            |    33 |    85 |   200 |    63 ||   381

Table legend: (Time is in decaauts)
 A = Elapsed time spent in this place.
 B = Non-inter-level travel time spent in this place.
 C = Inter-level travel time spent in this place.
 D = Time resting spent in this place.
 E = Time spent auto-exploring this place.
 F = Levels seen in this place.
 G = Mean time per level.
                   A        B        C        D        E       F      G
               +--------+--------+--------+--------+--------+-----+--------+
         Total |  11431 |  10653 |    778 |    695 |   7942 |  10 | 1143.1 |
       Dungeon |  11381 |  10626 |    755 |    695 |   7927 |   9 | 1264.6 |
        Temple |     49 |     26 |     23 |      0 |     15 |   1 |   49.0 |
               +--------+--------+--------+--------+--------+-----+--------+

Top non-repeatable levels by time:
     D:4: 1906 daAuts
     D:1: 1492 daAuts
     D:5: 1430 daAuts
     D:2: 1356 daAuts
     D:8: 1321 daAuts
     D:6: 1303 daAuts
     D:3: 1298 daAuts
     D:7: 1269 daAuts
  Temple: 49 daAuts
     D:9: 3 daAuts
